 Dungeon Crawl Stone Soup version 0.26.0-11-g8f856b5395 (webtiles) character file.

Game seed: 13528323094680112954

837 Pixllover the Skirmisher (level 7, 0/63 HPs)
             Began as a Minotaur Berserker on Jan 15, 2021.
             Was an Elder of Trog.
             Slain by an orc
             ... wielding a +0 flail
              (3 damage)
             ... on level 6 of the Dungeon.
             The game lasted 00:10:33 (4997 turns).

Pixllover the Skirmisher (Minotaur Berserker)       Turns: 4997, Time: 00:10:34

Health: 0/63       AC:  6    Str: 23    XL:     7   Next: 66%
Magic:  6/6        EV: 13    Int:  4    God:    Trog [****..]
Gold:   158        SH:  0    Dex: 10    Spells: 6/6 levels left

rFire    . . .     SeeInvis .   k - +2 dagger (flame)
rCold    . . .     Faith    .   (no shield)
rNeg     . . .     Spirit   .   l - +0 ring mail
rPois    .         Reflect  .   (helmet restricted)
rElec    .         Harm     .   (no cloak)
rCorr    +         Rampage  .   (no gloves)
Will     .....                  (no boots)
Stlth    +.........             (no amulet)
HPRegen  0.20/turn              m - ring of resist corrosion
MPRegen  0.10/turn              (no ring)

@: berserk cooldown
A: retaliatory headbutt, horns 2
a: Renounce Religion, Berserk, Trog's Hand, Brothers in Arms


You were on level 6 of the Dungeon.
You worshipped Trog.
Trog was greatly pleased with you.
You visited 1 branch of the dungeon, and saw 5 of its levels.
You also visited: Sewer.

You collected 158 gold pieces.

Inventory:

Hand Weapons
 a - a +0 hand axe
 k - a +2 dagger of flaming (weapon)
Missiles
 g - 7 curare-tipped darts
 n - 4 javelins
Armour
 l - a +0 ring mail (worn)
Jewellery
 b - a +6 ring of strength {unknown}
 m - a ring of resist corrosion (left hand)
Wands
 f - a wand of digging (3)
 o - a wand of random effects (19)
Scrolls
 d - 3 scrolls of remove curse
 e - a scroll of magic mapping {unknown}
 i - 2 scrolls of teleportation
 p - a scroll of fear {unknown}
Potions
 c - a potion of haste
 h - a potion of heal wounds
 j - a potion of flight


   Skills:
 + Level 6.1 Fighting
 + Level 3.9 Short Blades
 + Level 4.8 Axes
 + Level 5.4 Armour
 + Level 5.1 Dodging
 + Level 0.2 Stealth


You had 6 spell levels left.
You didn't know any spells.
Your spell library was empty.

Dungeon Overview and Level Annotations

Branches:
Dungeon (6/15)             Temple (0/1) D:4           Sewer (visited)

Altars:
Qazlal


Innate Abilities, Weirdness & Mutations

You reflexively headbutt those who attack you in melee.
You have a pair of horns on your head.


Message History

The orc closely misses you. x3; You furiously retaliate!
You headbutt the orc.
You see here a +0 flail.
You hit the orc. You burn the orc.
The orc is heavily wounded.
You completely miss the orc.
The orc is heavily wounded.
The orc hits you with a +0 falchion!
* * * LOW HITPOINT WARNING * * *
You closely miss the orc. Your headbutt misses the orc.
The orc is heavily wounded.
The orc hits you but does no damage.
You hit the orc. You burn the orc.
You kill the orc!
Trog accepts your kill. The orc barely misses you.
You hit the orc. You burn the orc.
You kill the orc!
Trog accepts your kill. The orc hits you with a +0 flail.
You die...

+....#≈ ≈.. #....#≈≈ ≈.
#......# #....#≈######
≈###......#
#....#≈##≈≈≈##≈..#...... #
#....#≈≈≈≈≈≈≈≈≈..#....# #..
#....+.....#.....#....#....
#....#....##.... #....'...
#....#....###'####....#
#....'...^#)....@o....#
#....#....')....).#+###
#....#....#[......#
#....######.......#
#.................#
'.................#
#..........########
#..........+ ....+
#..........# ....


You could see an orc.

Vanquished Creatures
  An orc warrior (D:6)
  A bullfrog (D:3)
  4 big kobolds (Sewer)
  A hound (D:4)
  An iguana (D:6)
  An orc wizard (D:6)
  A worker ant (D:4)
  A river rat (Sewer)
  9 adders
  3 gnolls (D:4)
  A white imp (D:6)
  7 oozes
  An adder skeleton (D:6)
  4 worms
  3 dart slugs
  3 leopard geckos
  8 orcs
  5 ball pythons
  4 giant cockroaches
  7 hobgoblins
  10 jackals
  25 kobolds
  A quokka (D:3)
  11 bats
  6 frilled lizards
  9 goblins
  15 rats
143 creatures vanquished.

Notes
Turn   | Place    | Note
-------+----------+-------------------------------------------
     0 | D:1      | Pixllover the Minotaur Berserker began the quest for the
                  | Orb.
     0 | D:1      | Reached XP level 1. HP: 19/19 MP: 0/0
   107 | D:1      | Reached XP level 2. HP: 18/27 MP: 1/1
   110 | D:1      | Reached skill level 4 in Fighting
   728 | D:1      | Reached XP level 3. HP: 13/34 MP: 2/2
  1110 | D:2      | Reached ** piety under Trog
  1117 | D:2      | Found a faded altar of an unknown god.
  1201 | D:2      | Found a stormy altar of Qazlal.
  1919 | D:2      | Reached XP level 4. HP: 41/41 MP: 3/3
  2410 | D:3      | Reached *** piety under Trog
  2432 | D:3      | Reached skill level 5 in Fighting
  2868 | D:3      | Noticed a bullfrog
  2873 | D:3      | Killed a bullfrog
  2874 | D:3      | Reached skill level 1 in Short Blades
  2874 | D:3      | Reached XP level 5. HP: 31/48 MP: 4/4
  3280 | D:4      | Found a staircase to the Ecumenical Temple.
  3332 | D:4      | Reached XP level 6. HP: 55/56 MP: 5/5
  3352 | D:4      | You fall into a shaft and drop 2 floors!
  3470 | D:6      | Reached **** piety under Trog
  3549 | D:6      | Found a glowing drain.
  3565 | Sewer    | Entered a sewer
  4270 | Sewer    | Reached XP level 7. HP: 49/62 MP: 6/6
  4487 | Sewer    | Reached skill level 6 in Fighting
  4487 | Sewer    | Reached skill level 5 in Armour
  4549 | Sewer    | Reached skill level 5 in Dodging
  4960 | D:6      | HP: 3/63 [orc wizard/+1 dagger of venom (1)]
  4994 | D:6      | HP: 2/63 [orc/+0 falchion (7)]
  4997 | D:6      | Slain by an orc

Illustrated notes

Levels and vault maps discovered:
D:1:      shiori_shiawase, layout_basic
D:2:      minmay_kobold_bridge, layout_basic, chequers_ecumenical_altar_island,
          grunt_qazlal_sundering
D:3:      minmay_razor_zed, layout_loops_ring, minmay_goblin_kobold_house
D:4:      layout_rooms, minmay_temple_entry_antechambers, serial_shops,
          nicolae_shop_behind_doors, gammafunk_ghost_gnarly_gnolls,
          chequers_serial_rivers_large_a
D:6:      layout_gridville, portal_sewer_entry_e, lightli_minifort

Skill      XL: |  1  2  3  4  5  6  7 |
---------------+----------------------+-----
Fighting       | 4 5 6 |  6.1
Axes           | 4 |  4.8
Dodging        | 3 4 5 |  5.1
Short Blades   | 1 2 3 |  3.9
Armour         | 3 4 5 |  5.4
Stealth        | |  0.2

Action                   |  1- 3 |  4- 6 |  7- 9 || total
-------------------------+-------+-------+-------++-------
Melee: Hand axe          |    90 |       |       ||    90
       Headbutt          |    14 |    43 |    15 ||    72
       Dagger            |     8 |   195 |    65 ||   268
Invok: Berserk           |       |       |     1 ||     1
  Use: Scroll            |       |    16 |       ||    16
       Potion            |       |       |     1 ||     1
Armor: Animal skin       |    21 |       |       ||    21
       Ring mail         |       |    82 |    18 ||   100
Dodge: Dodged            |    79 |   157 |    32 ||   268
